 Dungeon Crawl Stone Soup version 0.16-a0-2818-g1ef6e07 (webtiles) character file.

5772 Johnny the Quickloader (level 10, -6/81 HPs)
             Began as a Demigod Wanderer on Nov 28, 2014.
             Mangled by a hill giant
             ... wielding a +0 giant spiked club
              (12 damage)
             ... on level 11 of the Dungeon.
             The game lasted 00:38:01 (12739 turns).

Johnny the Quickloader (Demigod Wanderer)          Turns: 12739, Time: 00:38:01

Health: -6/81      AC:  9    Str: 16    XL:     10   Next: 25%
Magic:  0/22       EV: 22    Int: 13    God:
Gold:   837        SH:  0    Dex: 30    Spells: 2 memorised, 5 levels left

rFire  + . .     SeeInvis .     O - +4 long sword (protect)
rCold  . . .     Clarity  .     c - +0 leather armour
rNeg   . . .     SustAb   +     (no shield)
rPois  .         Gourm    .     y - +0 helmet
rElec  .         Spirit   +     (no cloak)
rCorr  .         Warding  .     (no gloves)
rMut   .         Stasis   .     (no boots)
MR     +....                    Z - amulet of guardian spirit
Stlth  +++.......               q - ring "Reuzajo" {rF+ Dex+2}
                                U - ring of wizardry

@: agile, very slightly contaminated, drained, somewhat resistant to hostile
enchantments, fairly stealthy
A: sustain abilities
a: no special abilities


You were on level 11 of the Dungeon.
You were not hungry.

You visited 1 branch of the dungeon, and saw 11 of its levels.
You also visited: Ossuary.

You collected 837 gold pieces.

Inventory:

Hand weapons
 j - a cursed +1 halberd
 k - a +1 long sword of freezing
 r - a +3 trident
 t - a +0 hand crossbow
 O - a +4 long sword of protection (weapon)
Missiles
 p - 4 bolts
 x - a bolt of penetration
Armour
 c - a +0 leather armour (worn)
 y - a +0 helmet (worn)
Jewellery
 e - an uncursed ring of see invisible
 o - a cursed ring of positive energy
 q - the ring "Reuzajo" (right hand) {rF+ Dex+2}
   (You found it on level 2 of the Dungeon)

   [ring of protection from fire]

   It affects your dexterity (+2).
   It protects you from fire.
 s - a cursed ring of teleport control
 v - an uncursed ring of positive energy
 H - an uncursed ring of magical power {unknown}
 N - an uncursed ring of fire
 U - a ring of wizardry (left hand)
 Z - an amulet of guardian spirit (around neck)
Magical devices
 J - a wand of magic darts (13)
 K - a wand of digging (10)
Scrolls
 d - a scroll of silence {unknown}
 i - 3 scrolls of remove curse
 G - a scroll of random uselessness {unknown}
 I - 2 scrolls of magic mapping
 P - a scroll of amnesia {unknown}
 X - a scroll of recharging {unknown}
Potions
 h - a potion of experience {unknown}
 l - 3 potions of restore abilities
 A - a potion of magic {unknown}
 B - a potion of decay {unknown}
 C - 4 potions of cure mutation
 E - a potion of flight {unknown}
 F - a potion of poison
 Q - a potion of brilliance {unknown}
 R - a potion of degeneration {unknown}
 S - a potion of confusion {unknown}
 T - 2 potions of resistance
 V - a potion of heal wounds {unknown}
 W - 2 potions of berserk rage {unknown}
Books
 D - a book of Air

   Spells                             Type                      Level
   Shock                              Conjuration/Air              1
   Swiftness                          Charms/Air                   2
   Repel Missiles                     Charms/Air                   2
   Flight                             Charms/Air                   3
   *Static Discharge                  Conjuration/Air              3
   *Lightning Bolt                    Conjuration/Air              5
Comestibles
 a - 10 royal jellies
 b - 3 fruits
 f - 11 bread rations
 n - 6 meat rations
 z - a slice of pizza
 Y - a beef jerky


   Skills:
 + Level 5.1(4.9) Fighting
 - Level 4.0(3.7) Long Blades
 - Level 9.9(9.6) Crossbows
 - Level 2.1(1.8) Armour
 + Level 5.6(5.3) Dodging
   Level 1.0(0.7) Shields
 * Level 2.1(1.9) Spellcasting
 * Level 2.4(2.1) Conjurations
 * Level 2.2(2.0) Air Magic
 + Level 5.6(5.3) Evocations


You had 5 spell levels left.
You knew the following spells:

 Your Spells              Type           Power        Failure   Level  Hunger
a - Lightning Bolt        Conj/Air       #.........   95%         5    ######.
b - Static Discharge      Conj/Air       #.......     14%         3    ####...


Dungeon Overview and Level Annotations

Branches:
Dungeon (11/15)            Temple (0/1) D:4
   Lair: D:8-11         Orc: D:9-12

Shops:
D:7 (   D:11 :

Annotations:
D:8 Joseph
D:10 wvc's ghost, powerful HaFi


Innate Abilities, Weirdness & Mutations

Your attributes are resistant to harm.


Message History

The blast of lightning engulfs you!
You hear a shout!
Unknown command.
Casting: Lightning Bolt
Confirm with . or Enter, or press ? or * to list all spells.
The hill giant is struck by lightning.
The hill giant is severely wounded.
The lightning grounds out.
The hill giant misses you.
Unknown command.
You hit the hill giant.
The hill giant is almost dead.
The hill giant hits you with a giant club!!
* * * LOW HITPOINT WARNING * * *
Unknown command.
Evoke which item? (* to show all) (? for menu, Esc to quit)
Okay, then.
A hill giant comes into view. It is wielding a giant spiked club.
The hill giant misses you.
The hill giant hits you with a giant spiked club!
You die...

.............#.......# ###.#
).....##.. ##.#.....# #...#
##........ ...#.C...# #.###
......#.. #.##.##.#### #.#
#######...#.##.##C# #.# #
#...........# #.# #
..##.##.#### #.# #####
..##.##.###### #.#
....###........C@...#######.#
.....####......####.........#
................ #}.########
<....###.......##.... .....#
.#...#.####.# .....# ##.##.#
#. ..#### ## #.. .. ### ###
##


You could see a hill giant.

Vanquished Creatures
  A hill giant (D:9)
  2 deep elf magi
  3 yaks (D:9)
  A hungry ghost (D:8)
  A hippogriff (D:7)
  A steam dragon (D:9)
  The ghost of Kemay the Sneak, an average OpTm (D:3)
  An orc warrior (D:10)
  2 soldier ants (D:8)
  A sky beast (D:9)
  A black bear (D:9)
  3 ice beasts
  A spider (D:8)
  2 phantoms
  4 ogres
  2 centaurs (D:11)
  5 giant frogs
  A scorpion (D:6)
  A jelly (D:11)
  6 killer bees (D:9)
  5 wights (D:11)
  4 goliath beetles
  4 giant frog skeletons
  A quasit (D:10)
  6 crimson imps
  5 orc wizards
  A hound (D:6)
  3 centaur skeletons
  2 orc priests
  An iguana (D:5)
  5 worker ants
  A big kobold zombie (Ossuary)
  A hound zombie (D:5)
  8 mummies (Ossuary)
  6 gnolls (D:4)
  10 adders
  2 shadow imps
  4 worms
  7 giant geckos
  3 oozes
  33 orcs
  2 bat skeletons
  A bat zombie (D:5)
  4 giant cockroaches
  A gnoll zombie (Ossuary)
  16 goblins
  14 hobgoblins
  8 jackals
  25 kobolds
  2 quokkas
  3 ball pythons
  15 bats
  4 giant newts
  A giant spore (D:6)
  2 hobgoblin zombies (Ossuary)
  3 kobold zombies (Ossuary)
  An orc zombie (Ossuary)
  15 rats
  2 ballistomycetes (D:6)
  A fungus (D:6)
272 creatures vanquished.

Vanquished Creatures (others)
  A ball lightning (D:11)
  A goliath beetle (D:5)
  An adder (D:5)
  An orc (D:5)
  2 bats (D:5)
  A giant newt (D:5)
  A goblin (D:5)
  2 fungi (D:10)
10 creatures vanquished.

Grand Total: 282 creatures vanquished

Notes
Turn   | Place    | Note
--------------------------------------------------------------
     0 | D:1      | Johnny, the Demigod Wanderer, began the quest for the Orb.
     0 | D:1      | Johnny set off with: a +2 scale mail, a +0 hand crossbow, a scroll of teleportation, 31 bolts, a bread ration
     0 | D:1      | Reached XP level 1. HP: 19/19 MP: 2/2
    99 | D:1      | Reached XP level 2. HP: 24/27 MP: 3/3
   861 | D:2      | Reached XP level 3. HP: 33/33 MP: 5/5
  1207 | D:2      | Got a warped glass ring
  1319 | D:2      | Identified the ring "Reuzajo" {rF+ Dex+2} (You found it on level 2 of the Dungeon)
  1711 | D:3      | Reached XP level 4. HP: 40/40 MP: 7/7
  1869 | D:2      | Reached skill level 4 in Crossbows
  2094 | D:3      | Reached XP level 5. HP: 18/46 MP: 8/8
  2098 | D:3      | Reached skill level 5 in Crossbows
  2359 | D:3      | Noticed Kemay's ghost (average OpTm)
  2364 | D:3      | Killed Kemay's ghost
  2364 | D:3      | Reached XP level 6. HP: 52/52 MP: 11/11
  2390 | D:3      | Reached skill level 6 in Crossbows
  2851 | D:4      | Reached skill level 1 in Dodging
  2968 | D:4      | Found a staircase to the Ecumenical Temple.
  4366 | D:5      | Entered Level 5 of the Dungeon
  4404 | D:5      | Reached XP level 7. HP: 35/58 MP: 13/13
  4515 | D:5      | Reached skill level 7 in Crossbows
  5440 | D:5      | Found a shimmering altar of Xom.
  5483 | D:5      | Reached skill level 8 in Crossbows
  5483 | D:5      | Reached XP level 8. HP: 66/66 MP: 16/16
  6636 | D:6      | Found a shimmering altar of Xom.
  7156 | D:7      | Found a stormy altar of Qazlal.
  7213 | D:7      | Found a sand-covered staircase.
  7224 | Ossuary  | Entered an ossuary
  7242 | Ossuary  | Reached skill level 1 in Long Blades
  7979 | D:8      | Found a radiant altar of Vehumet.
  8063 | D:8      | Noticed Joseph
  8107 | D:7      | Found a basalt altar of Yredelemnul.
  8209 | D:7      | Found Rapyll's Weapon Shop.
  8221 | D:7      | Reached skill level 9 in Crossbows
  8473 | D:7      | Reached XP level 9. HP: 40/72 MP: 16/20
  8554 | D:7      | You fall through a shaft for 2 floors!
  8574 | D:9      | Found a shadowy altar of Dithmenos.
  8754 | D:9      | Reached skill level 5 in Fighting
  8771 | D:9      | Reached skill level 5 in Dodging
  9043 | D:9      | Reached skill level 5 in Evocations
  9104 | D:8      | Found a glowing golden altar of the Shining One.
  9178 | D:8      | Learned a level 3 spell: Static Discharge
  9184 | D:8      | Learned a level 5 spell: Lightning Bolt
  9501 | D:8      | Reached skill level 1 in Conjurations
  9913 | D:8      | Noticed a two-headed ogre
 10034 | D:9      | Reached skill level 1 in Air Magic
 10234 | D:9      | Noticed a hill giant
 10255 | D:9      | Killed a hill giant
 10255 | D:9      | Reached skill level 1 in Spellcasting
 10255 | D:9      | Reached XP level 10. HP: 48/81 MP: 12/22
 10477 | D:9      | Found a burning altar of Makhleb.
 10483 | D:9      | Found a glowing silver altar of Zin.
 10483 | D:9      | Noticed an angel
 10484 | D:9      | Noticed a blizzard demon
 10696 | D:10     | Entered Level 10 of the Dungeon
 10828 | D:10     | Noticed wvc's ghost (powerful HaFi)
 11390 | D:10     | Noticed a brown ugly thing
 11466 | D:10     | HP: 4/81 [acid (12)]
 11791 | D:10     | Noticed a hill giant
 12288 | D:11     | Found a shadowy altar of Dithmenos.
 12288 | D:11     | Found Umnut's Book Shop.
 12684 | D:11     | Noticed a hill giant
 12717 | D:11     | Noticed a ball lightning
 12718 | D:11     | Killed a ball lightning
 12720 | D:11     | HP: 2/81 [hill giant/giant club (27)]
 12725 | D:11     | Noticed a hill giant
 12739 | D:11     | Mangled by a hill giant

Action                   |  1- 3 |  4- 6 |  7- 9 | 10-12 || total
-------------------------+-------+-------+-------+-------++-------
Melee: Short sword       |       |    52 |    13 |       ||    65
       Long sword        |       |       |   389 |   137 ||   526
       Flail             |       |       |     9 |       ||     9
 Fire: Hand crossbow     |   126 |   202 |   239 |    18 ||   585
 Cast: Static Discharge  |       |       |       |     5 ||     5
Evoke: Wand              |       |       |    38 |       ||    38
  Use: Potion            |       |     2 |     6 |    11 ||    19
       Scroll            |       |     7 |    13 |     3 ||    23
 Stab: Sleeping          |       |       |     4 |     1 ||     5
       Distracted        |       |       |     1 |       ||     1
       Invisible         |       |       |    19 |     2 ||    21
  Eat: Chunk             |     1 |     6 |    16 |     2 ||    25
       Meat ration       |       |     1 |       |       ||     1
       Beef jerky        |       |       |     1 |       ||     1
       Pizza             |       |       |     1 |       ||     1
       Fruit             |       |       |       |     6 ||     6
       Bread ration      |       |       |       |     1 ||     1
